[Event "NJSK 2024 A"]
[Site "Groningen, Netherlands"]
[Date "2024.04.30"]
[Round "4.6"]
[White "Klugstedt, Vincent"]
[Black "Wiersma, Camiel"]
[Result "1/2-1/2"]
[TimeControl "90min/40moves + 30min + 30sec/move"]
[WhiteElo "1913"]
[BlackElo "1963"]

1. d4 Nf6 2. c4 g6 3. f3 Bg7 4. e4 d6 5. Nc3 O-O 6. Be3 c5 7. d5 e6 8. dxe6 Bxe6 9. Qd2 Qa5 10.
Rd1 Rd8 11. Nb5 Nc6 12. Qxa5 Nxa5 13. Nxd6 b6 14. b3 Ne8 15. Nxe8 Bc3+ 16. Ke2 Rxe8 17. g3 f5 18. Rd3 Bg7 19.
Bg2 Nc6 20. f4 Nb4 21. Rd6 fxe4 22. Bxe4 Bxc4+ 23. Kf3 Rxe4 24. Kxe4 Re8+ 25. Kf3 Bd5+ 26. Rxd5 Nxd5 27. Bd2 Bc3 28.
Bxc3 Nxc3 29. Nh3 a5 30. a4 Ne2 31. Nf2 Nd4+ 32. Kg4 Nxb3 33. Nd3 c4 34. Rb1 cxd3 35. Rxb3 d2 36. Rd3 Re4 37.
Rxd2 Rxa4 38. Kg5 Re4 39. Rd6 b5 40. Rd5 Re8 41. Rxb5 Ra8 42. Rb3 a4 43. Ra3 Kg7 44. Kg4 Kf6 45.
Kf3 Ke6 46. Ke4 Kd6 47. g4 Ke6 48. h4 h5 49. gxh5 gxh5 50. Kf3 Kf5 51. Ke3 Ra7 52. Kf3 Ra5 53. Ke3 Kg4 54. Ke4 Kxh4 55.
Kf3 Rb5 56. Rxa4 Rb3+ 57. Kg2 Kg4 58. Rc4 Rb2+ 59. Kg1 Rb3 60. Kg2 Rb5 61. Ra4 Rb2+ 62. Kg1 Kf3 63. Ra3+ Kg4 64. Ra4 h4 65.
f5+ 1/2-1/2

[Event "NJSK 2024 A"]
[Site "Groningen, Netherlands"]
[Date "2024.04.30"]
[Round "4.7"]
[White "Van de Poel, Jona"]
[Black "Ramak, Vince"]
[Result "0-1"]
[TimeControl "90min/40moves + 30min + 30sec/move"]
[WhiteElo "1865"]
[BlackElo "1902"]

1. e4 Nf6 2. e5 Nd5 3. d4 d6 4. Nf3 g6 5. Bc4 Nb6 6. Bb3 Bg7 7. a4 a5 8. Ng5 e6 9. f4 dxe5 10.
fxe5 h6 11. Ne4 Qh4+ 12. Nf2 c5 13. c3 cxd4 14. cxd4 Nc6 15. Be3 Nb4 16. g3 Qe7 17. Ne4 O-O 18. O-O N6d5 19. Bf4 b6 20.
Nbc3 Ba6 21. Rf2 Nxf4 22. Rxf4 Nd3 23. Nf6+ Bxf6 24. Rxf6 Rad8 25. Qg4 Kh8 26. Bxe6 fxe6 27. Rxe6 Qd7 28.
d5 Nxe5 29. Qd4 Qxe6 30. Re1 Qf6 0-1

[Event "NJSK 2024 A"]
[Site "Groningen, Netherlands"]
[Date "2024.05.01"]
[Round "5.1"]
[White "Smid, Jelle"]
[Black "Slagboom, Leandro"]
[Result "1/2-1/2"]
[TimeControl "90min/40moves + 30min + 30sec/move"]
[WhiteElo "1917"]
[BlackElo "2326"]

1. e4 e5 2. Nf3 Nc6 3. Nc3 Nf6 4. d4 exd4 5. Nxd4 Bb4 6. Nxc6 bxc6 7. Bd3 O-O 8. O-O Re8 9. Qf3 h6 10.
h3 d6 11. Bf4 Rb8 12. Rad1 Nd7 13. Qg3 Bxc3 14. bxc3 Qf6 15. Be3 c5 16. f4 Qxc3 17. e5 dxe5 18. fxe5 Qxe5 19. Bf4 Qh5 20.
Bxc7 Ra8 21. Bb5 Nf6 22. Bxe8 Nxe8 23. Rd8 Bb7 24. Rxa8 Bxa8 25. Qe5 Qxe5 26. Bxe5 Kf8 27. Rb1 Be4 28. Rb8 Ke7 29. c3 Kd7 30. Kf2 f5 31. g3 Bc6 32.
h4 g5 33. c4 Ke6 34. Bb2 Ke7 35. hxg5 hxg5 36. Bc1 g4 37. Be3 Kd6 38. Rd8+ Kc7 39. Rxe8 Bxe8 1/2-1/2

[Event "NJSK 2024 A"]
[Site "Groningen, Netherlands"]
[Date "2024.05.01"]
[Round "5.2"]
[White "Bakija, Alan"]
[Black "Snijders, Take"]
[Result "1/2-1/2"]
[TimeControl "90min/40moves + 30min + 30sec/move"]
[WhiteElo "2101"]
[BlackElo "2090"]

1. Nf3 d5 2. g3 Bg4 3. Bg2 c6 4. h3 Bh5 5. O-O Nd7 6. d4 e6 7. c4 Ngf6 8. cxd5 exd5 9. Qb3 Qb6 10.
Qe3+ Be7 11. Nh4 Bg6 12. Nxg6 hxg6 13. Nc3 Nf8 14. Qd3 Ne6 15. e3 g5 16. Rd1 Rd8 17. Rb1 g4 18. hxg4 Nxg4 19.
Bf3 Nf6 20. Bd2 Ng5 21. Kg2 Nxf3 22. Kxf3 Qc7 23. Rh1 O-O 24. Kg2 Qd7 25. Ne2 g6 26. Nc1 Kg7 27. Qe2 Rh8 28. Nd3 Bd6 29.
f3 Qe6 30. Nf2 Nh5 31. f4 Bxf4 32. Rxh5 Rxh5 33. gxf4 Rdh8 34. Rg1 Qf5 35. Bc3 Rh2+ 36. Kf1 Qb1+ 37. Qe1 Qxa2 38. Rg2 Qc4+ 39.
Kg1 Rxg2+ 40. Kxg2 Re8 41. Ng4 Qd3 42. Qh4 Qe4+ 43. Kg3 Rh8 44. Qf6+ Kg8 45. Qd8+ Kg7 46. Qf6+ Kg8 47. Qd8+ 1/2-1/2

[Event "NJSK 2024 A"]
[Site "Groningen, Netherlands"]
[Date "2024.05.01"]
[Round "5.3"]
[White "Labruyere, Roger"]
[Black "Leorato, Imanol"]
[Result "1-0"]
[TimeControl "90min/40moves + 30min + 30sec/move"]
[WhiteElo "2267"]
[BlackElo "1837"]

1. e4 c5 2. Nf3 Nc6 3. c3 d5 4. exd5 Qxd5 5. d4 Bg4 6. Be2 cxd4 7. cxd4 e6 8. Nc3 Qa5 9. O-O Nf6 10.
h3 Bh5 11. a3 Rd8 12. Be3 Bd6 13. b4 Qc7 14. Nb5 Qb8 15. Nxd6+ Qxd6 16. b5 Ne7 17. Qa4 O-O 18. Qxa7 b6 19.
Qa4 Nfd5 20. Qb3 f5 21. Bg5 h6 22. Bxe7 Qxe7 23. Bc4 Nf4 24. Rad1 g5 25. Rfe1 Bxf3 26. Qxf3 Rd6 27. a4 Rfd8 28.
d5 e5 29. g3 Nxh3+ 30. Kg2 Qf6 31. Qe3 g4 32. Qxe5 Ng5 33. Qxf6 Rxf6 34. d6+ Kf8 35. d7 Ne4 36. Bd5 Rxd7 37.
Bxe4 Rxd1 38. Rxd1 fxe4 39. Rd4 Re6 40. Kf1 e3 41. Rxg4 exf2 42. Kxf2 Ke7 43. Rc4 Kd7 44. Kf3 h5 45.
Kf4 Rg6 46. Kf3 Re6 47. Kg2 Rg6 48. Kh3 Re6 49. Kh4 Rg6 50. Rc3 Rg4+ 51. Kxh5 Rxa4 52. Rc6 Rb4 53. Rxb6 Ke7 54. g4 Kf7 55. Kg5 Rb1 56. Rb7+ Ke6 57. Kg6 Rg1 58. g5 Rb1 59.
b6 Rb2 60. Rf7 Rb1 61. Rf6+ Ke7 62. Kg7 Rb2 63. g6 Rb1 64. b7 Rb2 65. Rf8 1-0

[Event "NJSK 2024 A"]
[Site "Groningen, Netherlands"]
[Date "2024.05.01"]
[Round "5.4"]
[White "Van Hesselingen, Guido"]
[Black "Moskalets, Sofiia"]
[Result "0-1"]
[TimeControl "90min/40moves + 30min + 30sec/move"]
[WhiteElo "2016"]
[BlackElo "2050"]

1. e4 c5 2. Nf3 e6 3. d4 cxd4 4. Nxd4 Nc6 5. Nc3 a6 6. Be3 Qc7 7. Bd3 Nf6 8. f4 Nxd4 9. Bxd4 Qxf4 10.
Rf1 Qg5 11. e5 Bc5 12. exf6 Bxd4 13. Ne4 Qe3+ 14. Qe2 Qxe2+ 15. Kxe2 gxf6 16. c3 Be5 17. Nxf6+ Ke7 18. Ng4 Bg7 19.
Rf3 b5 20. Raf1 f5 21. Ne3 Bb7 22. R3f2 Be5 23. g4 f4 24. Nc2 Rag8 25. Rg1 Bc7 26. Nd4 e5 27. Nf5+ Kd8 28. Nh6 Rf8 29.
Rd1 e4 30. Bc2 f3+ 31. Ke3 Bf4+ 32. Kd4 0-1

[Event "NJSK 2024 A"]
[Site "Groningen, Netherlands"]
[Date "2024.05.01"]
[Round "5.5"]
[White "Blom, Rens"]
[Black "Klugstedt, Vincent"]
[Result "1-0"]
[TimeControl "90min/40moves + 30min + 30sec/move"]
[WhiteElo "1963"]
[BlackElo "1913"]

1. e4 c5 2. Nf3 g6 3. d4 cxd4 4. Nxd4 Bg7 5. Nc3 Nc6 6. Be3 Nf6 7. Bc4 O-O 8. Bb3 d6 9. f3 Bd7 10.
Qd2 Na5 11. h4 h5 12. O-O-O Rc8 13. g4 hxg4 14. h5 Nxh5 15. fxg4 Bxg4 16. Rdg1 Nxb3+ 17. axb3 Qd7 18. Qg2 Nf6 19.
Nd5 e5 20. Nxf6+ Bxf6 21. Qh2 Rfd8 22. Rf1 Qe7 23. Kb1 Bg7 24. Qh7+ Kf8 25. Bh6 Ke8 26. Qxg7 exd4 27. Bg5 f6 28.
Qxg6+ Kd7 29. Rh7 fxg5 30. Rxe7+ Kxe7 31. Qf7# 1-0

[Event "NJSK 2024 A"]
[Site "Groningen, Netherlands"]
[Date "2024.05.01"]
[Round "5.6"]
[White "Ramak, Vince"]
[Black "Khatniuk, Anastasiia"]
[Result "0-1"]
[TimeControl "90min/40moves + 30min + 30sec/move"]
[WhiteElo "1902"]
[BlackElo "2012"]

1. e4 c5 2. Be2 Nc6 3. d3 g6 4. f4 d6 5. Nf3 Bg7 6. a4 Nf6 7. O-O Bd7 8. c3 c4 9. Nbd2 cxd3 10.
Bxd3 O-O 11. Qe1 Rc8 12. Qh4 Qa5 13. Nc4 Qh5 14. Qxh5 Nxh5 15. a5 Nd8 16. Be3 Ne6 17. g3 Nc5 18.
Bxc5 Rxc5 19. Nd4 d5 20. Nd2 dxe4 21. Bxe4 Bxd4+ 22. cxd4 Rb5 23. a6 b6 24. Rab1 Nf6 25. Bd3 Rb4 26.
Nf3 Bg4 27. Ne5 Rxd4 28. Rfc1 Bc8 29. Rc7 Nd5 30. Rc4 Rxc4 31. Bxc4 e6 32. b4 b5 33. Bxd5 exd5 34. Ra1 Re8 35.
Nc6 Re6 36. Nxa7 Rxa6 37. Rxa6 Bxa6 38. Kf2 Kf8 39. Ke3 Ke7 40. Kd4 Kd6 41. g4 Kc7 42. Kxd5 Kb6 43. Nxb5 Kxb5 44. Ke5 Kxb4 45.
h4 Be2 46. g5 Kc5 47. Kf6 Bc4 48. f5 gxf5 49. Kxf5 Bd3 50. Kg4 Kd6 51. Kh5 Ke6 52. Kh6 Bg6 53. h5 Kf5 54. hxg6 hxg6 0-1

[Event "NJSK 2024 A"]
[Site "Groningen, Netherlands"]
[Date "2024.05.01"]
[Round "5.7"]
[White "Wiersma, Camiel"]
[Black "Van de Poel, Jona"]
[Result "1/2-1/2"]
[TimeControl "90min/40moves + 30min + 30sec/move"]
[WhiteElo "1963"]
[BlackElo "1865"]

1. e4 c5 2. Nf3 e6 3. d4 cxd4 4. Nxd4 Nc6 5. Nc3 Nf6 6. Ndb5 Bb4 7. a3 Bxc3+ 8. Nxc3 d5 9. exd5 exd5 10.
Bf4 O-O 11. Be2 a6 12. O-O d4 13. Na4 Bf5 14. Nc5 Qb6 15. Nd3 Rfe8 16. Bf3 Bxd3 17. Qxd3 Ne5 18. Bxe5 Rxe5 19. Rfd1 h6 20.
g3 Rb5 21. Qxd4 Qxd4 22. Rxd4 Rxb2 23. Rb4 Rxc2 24. Rxb7 Rd8 25. Rb6 Rdd2 26. Rf1 a5 27. Rb3 g6 28. h3 Nd7 29. Be4 Rc4 30.
Bb1 Rc5 31. Re1 Nf6 32. Kg2 Rd7 33. Kf3 Kg7 34. Ba2 Rf5+ 35. Ke2 Ne4 36. Bb1 Rxf2+ 37. Ke3 Nd2 38. Kxf2 Nxb3 39. Re3 Nd4 40.
Rd3 Rb7 41. Rxd4 Rxb1 42. Ra4 Rb5 43. Kf3 h5 44. h4 Kf6 45. Kg2 Ke6 46. Re4+ Re5 47. Ra4 Kd6 48. Rf4 Ke6 49. Ra4 Rf5 50.
Rd4 Ke5 51. Rd8 Ke4 52. Rd7 Ke3 53. Rd6 Rf2+ 54. Kh3 Ke4 55. Ra6 Rf5 56. Rd6 Rd5 57. Rf6 Rf5 58. Rd6 Rf3 59. Rd7 Rxa3 60.
Rxf7 Ke5 61. Ra7 a4 62. Ra5+ Ke4 63. Rg5 Ra1 64. Rxg6 a3 65. Re6+ Kd3 66. Ra6 Kc3 67. g4 hxg4 68.
Kxg4 a2 69. Kh5 Kd4 70. Kh6 1/2-1/2

[Event "NJSK 2024 A"]
[Site "Groningen, Netherlands"]
[Date "2024.05.02"]
[Round "6.1"]
[White "Snijders, Take"]
[Black "Slagboom, Leandro"]
[Result "0-1"]
[TimeControl "90min/40moves + 30min + 30sec/move"]
[WhiteElo "2090"]
[BlackElo "2326"]

1. e4 e6 2. d4 d5 3. Nc3 Nf6 4. e5 Nfd7 5. f4 c5 6. Nf3 Nc6 7. Be3 Be7 8. Qd2 a6 9. dxc5 Nxc5 10.
O-O-O Qa5 11. Kb1 b5 12. Bxc5 Bxc5 13. Ne2 Qb6 14. Ned4 Nxd4 15. Nxd4 Bd7 16. Be2 O-O 17. Rhf1 Rfe8 18.
h4 b4 19. h5 a5 20. h6 g6 21. g4 a4 22. Rf3 Qc7 23. Rc1 Reb8 24. Re3 Qb6 25. Rd1 Qa7 26. c4 bxc3 27. Qxc3 Rb4 28.
Red3 Rab8 29. R3d2 Bf8 30. g5 Rc8 31. Qd3 Rcc4 32. Nc2 Rb7 33. Qf3 Qb6 34. Na1 Rb4 35. b3 axb3 36. Nxb3 Bc5 37.
Rd3 d4 38. Rc1 Bc6 39. Qf1 Be4 40. Ka1 Bxd3 41. Bxd3 Rxb3 42. axb3 Qa5+ 43. Kb1 Rxb3+ 44. Kc2 Qa3 45. Be4 Rc3+ 46.
Kd2 Bb4 0-1

[Event "NJSK 2024 A"]
[Site "Groningen, Netherlands"]
[Date "2024.05.02"]
[Round "6.2"]
[White "Bakija, Alan"]
[Black "Labruyere, Roger"]
[Result "1-0"]
[TimeControl "90min/40moves + 30min + 30sec/move"]
[WhiteElo "2101"]
[BlackElo "2267"]

1. Nf3 g6 2. d4 Nf6 3. g3 Bg7 4. c4 c5 5. Bg2 O-O 6. O-O cxd4 7. Nxd4 d6 8. Nc3 Nbd7 9. b3 Nc5 10.
Bb2 a6 11. Rc1 Rb8 12. Qd2 Bd7 13. Rfd1 Qb6 14. e4 Bc6 15. Nd5 Bxd5 16. exd5 e5 17. dxe6 fxe6 18. b4 Ng4 19. bxc5 dxc5 20.
f3 Bh6 21. f4 cxd4 22. Bxd4 Qc7 23. Qe2 e5 24. Bd5+ Kh8 25. Ba1 Qc5+ 26. Kh1 Nf2+ 27. Kg2 Nxd1 28. Qxe5+ 1-0

[Event "NJSK 2024 A"]
[Site "Groningen, Netherlands"]
[Date "2024.05.02"]
[Round "6.3"]
[White "Blom, Rens"]
[Black "Smid, Jelle"]
[Result "0-1"]
[TimeControl "90min/40moves + 30min + 30sec/move"]
[WhiteElo "1963"]
[BlackElo "1917"]

1. c4 e6 2. e4 c5 3. Nf3 Nc6 4. d4 cxd4 5. Nxd4 Nf6 6. Nc3 Bb4 7. Nxc6 bxc6 8. e5 Ne4 9. Qd4 Qa5 10.
Bd2 Nxd2 11. Kxd2 Rb8 12. Kc2 c5 13. Qe3 Bxc3 14. Qxc3 Qxc3+ 15. Kxc3 Bb7 16. Rd1 Bc6 17. Be2 Ke7 18.
Rd2 f6 19. f4 fxe5 20. fxe5 Rhf8 21. Rhd1 Rf2 22. Bf3 Rxd2 23. Rxd2 Bxf3 24. gxf3 Rf8 25. Rd3 Rf5 26. Re3 Rh5 27.
Re2 Rh3 28. Rf2 g5 29. Kd3 h5 30. b3 Kf7 31. Ke3 Kg6 32. Rd2 g4 33. Rxd7 Rxf3+ 34. Ke4 Rf2 35. Rxa7 Rxh2 36. Re7 Kg5 37.
Rxe6 h4 38. Re8 h3 39. Rg8+ Kh4 40. e6 Re2+ 41. Kf4 Rf2+ 42. Ke3 Rf1 43. Ke2 Rf6 44. Re8 Kg3 45. e7 h2 46. Rh8 Re6+ 47.
Kd3 Rxe7 48. a4 Kg2 49. b4 h1=Q 50. Rxh1 Kxh1 51. b5 g3 52. Kd4 0-1

[Event "NJSK 2024 A"]
[Site "Groningen, Netherlands"]
[Date "2024.05.02"]
[Round "6.4"]
[White "Khatniuk, Anastasiia"]
[Black "Moskalets, Sofiia"]
[Result "0-1"]
[TimeControl "90min/40moves + 30min + 30sec/move"]
[WhiteElo "2012"]
[BlackElo "2050"]

1. e4 c5 2. Nf3 Nc6 3. Bb5 e5 4. O-O Bd6 5. c3 a6 6. Bxc6 dxc6 7. d4 exd4 8. cxd4 Bg4 9. dxc5 Bxc5 10.
Qb3 Qb6 11. Nbd2 Nf6 12. Qxb6 Bxb6 13. Nc4 Bc7 14. Bg5 Nd7 15. Nd4 Ne5 16. Ne3 Bd7 17. Rad1 f6 18. Bh4 O-O-O 19. Ndf5 Bxf5 20.
Nxf5 g5 21. Bg3 Nc4 22. Rc1 Bxg3 23. Rxc4 Be5 24. Rc2 Rd3 25. g3 Rhd8 26. Re1 Rd2 27. Re2 Rxe2 28. Rxe2 Rd1+ 29. Kg2 Rb1 30.
b3 Kc7 31. h4 b5 32. hxg5 fxg5 33. Kf3 h5 34. Nh6 h4 35. Nf7 h3 0-1

[Event "NJSK 2024 A"]
[Site "Groningen, Netherlands"]
[Date "2024.05.02"]
[Round "6.5"]
[White "Van Hesselingen, Guido"]
[Black "Wiersma, Camiel"]
[Result "1-0"]
[TimeControl "90min/40moves + 30min + 30sec/move"]
[WhiteElo "2016"]
[BlackElo "1963"]

1. e4 c5 2. Nf3 Nc6 3. d4 cxd4 4. Nxd4 Nf6 5. Nc3 e5 6. Ndb5 d6 7. Bg5 a6 8. Na3 b5 9. Nd5 Be7 10.
Bxf6 Bxf6 11. c3 Bg5 12. Nc2 O-O 13. a4 bxa4 14. Rxa4 a5 15. Bc4 Kh8 16. O-O g6 17. Kh1 Rb8 18.
b3 Be6 19. Qd3 f5 20. exf5 gxf5 21. f4 Bh6 22. Nce3 Rb7 23. g3 Bg7 24. Bb5 Na7 25. Bc4 e4 26. Qd2 Bd7 27. Ra3 Nb5 28.
Ra2 Ra7 29. Bxb5 Bxb5 30. c4 Bc6 31. b4 Ra8 32. bxa5 Rf7 33. Nb6 Rb8 34. Rd1 Rxb6 35. axb6 Qxb6 36. Ra3 Bf6 37. Qxd6 Be7 38.
Ra8+ Kg7 39. Nxf5+ Rxf5 40. Qxe7+ Kg6 41. Rd6+ Kh5 42. Qh4# 1-0

[Event "NJSK 2024 A"]
[Site "Groningen, Netherlands"]
[Date "2024.05.02"]
[Round "6.6"]
[White "Leorato, Imanol"]
[Black "Ramak, Vince"]
[Result "0-1"]
[TimeControl "90min/40moves + 30min + 30sec/move"]
[WhiteElo "1837"]
[BlackElo "1902"]

1. e4 Nf6 2. e5 Nd5 3. c4 Nb6 4. d4 d6 5. exd6 cxd6 6. Nc3 g6 7. Be3 Bg7 8. Nf3 O-O 9. Be2 Nc6 10.
O-O Bg4 11. b3 d5 12. c5 Nc8 13. h3 Bxf3 14. Bxf3 e6 15. Qd2 N8e7 16. Ne2 Nf5 17. Bg4 Nxe3 18. Qxe3 h5 19. Bf3 a5 20.
g3 a4 21. b4 Qf6 22. Rfd1 Nxb4 23. Rab1 Nc6 24. Rxb7 Rfb8 25. Rc7 Rc8 26. Rxc8+ Rxc8 27. Kg2 Rb8 28. Qd3 Rb4 29. Qa6 Nxd4 30.
Nxd4 Rxd4 31. Rxd4 Qxd4 32. Qc8+ Bf8 33. c6 Kg7 34. Qd7 Bc5 0-1

[Event "NJSK 2024 A"]
[Site "Groningen, Netherlands"]
[Date "2024.05.02"]
[Round "6.7"]
[White "Klugstedt, Vincent"]
[Black "Van de Poel, Jona"]
[Result "1-0"]
[TimeControl "90min/40moves + 30min + 30sec/move"]
[WhiteElo "1913"]
[BlackElo "1865"]

1. d4 Nf6 2. c4 e5 3. dxe5 Ng4 4. e4 Nxe5 5. f4 Nec6 6. Be3 Bb4+ 7. Nd2 d6 8. a3 Bc5 9. Bxc5 dxc5 10.
Ndf3 Nd4 11. Nxd4 cxd4 12. Nf3 c5 13. Bd3 Nc6 14. O-O O-O 15. Qc2 a5 16. e5 g6 17. f5 Ne7 18. g4 Kh8 19.
Rae1 gxf5 20. gxf5 f6 21. e6 Qc7 22. Qd2 b6 23. Kf2 Bb7 24. Rg1 Rg8 25. Rxg8+ Nxg8 26. Be4 Bxe4 27. Rxe4 Qg7 28.
h3 Nh6 29. e7 Re8 30. Nh4 Ng8 31. Ng6+ hxg6 32. Rh4+ Qh7 33. Rxh7+ Kxh7 34. fxg6+ Kxg6 35. Qf4 Nxe7 36. Qd6 Nc8 37.
Qd7 Rg8 38. Kf3 Rh8 39. Kg4 Rf8 40. h4 f5+ 41. Kf4 Kf6 42. h5 a4 43. Qc6+ Ke7 44. Ke5 Rd8 45. Qe6+ Kf8 46. Qxf5+ Ke8 47.
Qe6+ Kf8 48. h6 Re8 49. Qxe8+ Kxe8 50. h7 Kd7 51. h8=Q Kc7 52. Qe8 1-0

[Event "NJSK 2024 A"]
[Site "Groningen, Netherlands"]
[Date "2024.05.03"]
[Round "7.1"]
[White "Moskalets, Sofiia"]
[Black "Smid, Jelle"]
[Result "1-0"]
[TimeControl "90min/40moves + 30min + 30sec/move"]
[WhiteElo "2050"]
[BlackElo "1917"]

1. e4 e5 2. Nf3 Nc6 3. Bb5 a6 4. Ba4 Nf6 5. d3 Bc5 6. Bxc6 dxc6 7. Qe2 Qe7 8. Nc3 Nd7 9. Bg5 f6 10.
Bd2 Nf8 11. O-O-O Ne6 12. Be3 Nd4 13. Qd2 Be6 14. Bxd4 exd4 15. Ne2 O-O-O 16. Kb1 Bb4 17. c3 dxc3 18. Nxc3 Kb8 19. Qc2 Rhe8 20.
Rhe1 Bg4 21. d4 Qf7 22. Rd3 Qg6 23. Nd2 Bc8 24. g3 f5 25. f3 fxe4 26. fxe4 Rf8 27. Nc4 Qh5 28. Ne5 Rf6 29.
Rc1 Rfd6 30. Ne2 Ba5 31. Nf4 Qe8 32. Nc4 g5 33. Nxd6 cxd6 34. Ra3 Bc7 35. Nd5 cxd5 36. Qxc7+ Ka7 37.
Rb3 dxe4 38. Qb6+ Ka8 39. Rxc8+ Rxc8 40. Qxb7# 1-0

[Event "NJSK 2024 A"]
[Site "Groningen, Netherlands"]
[Date "2024.05.03"]
[Round "7.2"]
[White "Slagboom, Leandro"]
[Black "Van Hesselingen, Guido"]
[Result "1-0"]
[TimeControl "90min/40moves + 30min + 30sec/move"]
[WhiteElo "2326"]
[BlackElo "2016"]

1. e4 e5 2. Nf3 Nc6 3. Bb5 a6 4. Ba4 Nf6 5. O-O Be7 6. Re1 b5 7. Bb3 d6 8. c3 O-O 9. h3 Na5 10.
Bc2 c5 11. d4 Qc7 12. d5 c4 13. b4 cxb3 14. axb3 Bd7 15. Bd3 Ne8 16. Re2 Nb7 17. b4 g6 18. Rea2 Qc8 19. Bh6 Ng7 20.
Qc2 f5 21. Nbd2 Rf7 22. Ng5 Rf6 23. Bxg7 Kxg7 24. Rxa6 Rxa6 25.
Rxa6 Nc5 26. Ra7 Nxd3 27. Qxd3 Bd8 28. Qxb5 Kh6 29. Qxd7 Qxc3 30. Qxh7+ Kxg5 31. Nf3+ Kf4 32. Qh4# 1-0

[Event "NJSK 2024 A"]
[Site "Groningen, Netherlands"]
[Date "2024.05.03"]
[Round "7.3"]
[White "Bakija, Alan"]
[Black "Blom, Rens"]
[Result "1-0"]
[TimeControl "90min/40moves + 30min + 30sec/move"]
[WhiteElo "2101"]
[BlackElo "1963"]

1. Nf3 c5 2. c4 Nc6 3. g3 e5 4. Nc3 g6 5. Bg2 Bg7 6. O-O Nge7 7. a3 O-O 8. Rb1 a5 9. Ne1 d6 10.
Nc2 Be6 11. Ne3 Rb8 12. d3 Nd4 13. Ned5 b5 14. Nxe7+ Qxe7 15. e3 b4 16. Nd5 Bxd5 17. Bxd5 Ne6 18. Qa4 Nc7 19. Bg2 bxa3 20.
Qxa3 Na6 21. Qxa5 Nb4 22. Rd1 f5 23. Ra1 e4 24. dxe4 fxe4 25. Rf1 Nd3 26. Ra2 Rb4 27. Ra4 Nxc1 28.
Rxc1 Rxb2 29. Rf1 Rc2 30. Ra2 Rxc4 31. Qa6 d5 32. Rd2 Qf7 33. Qd6 Bc3 34. Bh3 Bxd2 35. Be6 d4 36. Bxf7+ Rxf7 37.
Qd5 Rc3 38. exd4 cxd4 39. Qd8+ Rf8 40. Qd5+ Rf7 41. Qxe4 Rcf3 42. Kg2 R3f6 43. Qxd4 Ba5 44. Qd5 Rf5 45. Qb3 R5f6 46. f4 g5 47.
f5 Kg7 48. Qd5 Bc3 49. Qf3 Rc7 50. Qe3 h6 51. Qe8 Rff7 52. Qe4 Bf6 53. Qg4 Kh7 54. Qh5 Rg7 55. Rb1 g4 56. Qe8 Bg5 57.
Rb2 Rce7 58. Qa4 Bf6 59. Rb6 Ra7 60. Ra6 Rxa6 61. Qxa6 Rf7 62. Qc4 Rg7 63. Qe6 Bg5 64. f6 Rc7 65.
Qf5+ Kg8 66. Qxg4 Kf7 67. Qh5+ Kxf6 68. h4 Bc1 69. Qd5 Rc2+ 70. Kf3 Rc3+ 71. Kg4 Bb2 72. Qd6+ Kg7 73. Kh5 Rf3 74.
Qxh6+ Kg8 75. Qg5+ Kh7 76. Qg6+ Kh8 77. Qe8+ Kg7 78. g4 Rf7 79. g5 Bc3 80. Kg4 Rf1 81. Qd7+ Rf7 82. Qd3 Be5 83.
Qd5 Bc7 84. Qd4+ Kg8 85. h5 Kf8 86. g6 Rg7 87. Qf6+ 1-0

[Event "NJSK 2024 A"]
[Site "Groningen, Netherlands"]
[Date "2024.05.03"]
[Round "7.4"]
[White "Wiersma, Camiel"]
[Black "Snijders, Take"]
[Result "1/2-1/2"]
[TimeControl "90min/40moves + 30min + 30sec/move"]
[WhiteElo "1963"]
[BlackElo "2090"]

1. c4 e5 2. Nc3 Bb4 3. Nd5 Bc5 4. b4 Bf8 5. Qb3 c6 6. Nc3 Nf6 7. e3 d5 8. cxd5 cxd5 9. Nf3 e4 10.
Nd4 Nc6 11. Ncb5 Be7 12. Ba3 O-O 13. Rc1 Bd7 14. Be2 a5 15. Nxc6 bxc6 16. Nd4 axb4 17. Bxb4 Bxb4 18. Qxb4 Rxa2 19.
Nxc6 Bxc6 20. Rxc6 Ra1+ 21. Bd1 Qd7 22. Rxf6 gxf6 23. O-O Qf5 24. f3 exf3 25. Bxf3 Rxf1+ 26. Kxf1 Rc8 27. Ke2 Rd8 28.
Qg4+ Qxg4 29. Bxg4 Kf8 30. d4 Ke7 31. Kf3 Ra8 32. Kf4 Ra3 33. Bf3 Ke6 34. Bg4+ Kd6 35. h4 h6 36. Bh5 Ra2 37.
Bf3 Ra7 38. Kf5 Re7 39. Kf4 f5 40. g3 Ke6 41. Bg2 Kd6 42. Bf3 Re6 43. Bg2 Re8 44. Bf3 Rg8 45. Bh5 Ke6 46. Be2 Ke7 47.
Bf3 Kd6 48. Bh5 Rg7 49. Bd1 Ke6 50. Bh5 Rg8 51. Be2 f6 52. Bh5 Rg7 53. Be2 Kd6 54. Bh5 Ke7 55. Bd1 Kf7 56. Bf3 Ke6 57.
Be2 Rg8 58. Bh5 Kd6 59. Be2 Kc6 60. Bf3 Rb8 61. Kxf5 Rb3 62. Kf4 Rd3 63. g4 Kd6 64. Be2 Rd2 65. Bf3 Ke6 66. g5 hxg5+ 67. hxg5 fxg5+ 68. Kxg5 Rf2 69. Kf4 Rd2 70. Bg4+ Kd6 71. Bf3 Rb2 72. e4 dxe4 73. Kxe4 Rb8 74. Kd3 Re8 75. Bd1 Rh8 76.
Bf3 Rh3 77. Ke4 Rh4+ 78. Kd3 Ke6 79. Be4 Rh3+ 80. Kc4 Kd6 81. Bd5 Rh8 82. Be4 Rc8+ 1/2-1/2

[Event "NJSK 2024 A"]
[Site "Groningen, Netherlands"]
[Date "2024.05.03"]
[Round "7.5"]
[White "Ramak, Vince"]
[Black "Labruyere, Roger"]
[Result "0-1"]
[TimeControl "90min/40moves + 30min + 30sec/move"]
[WhiteElo "1902"]
[BlackElo "2267"]

1. e4 a6 2. d4 b5 3. Bd3 e6 4. Nf3 Bb7 5. O-O Nf6 6. Qe2 Be7 7. a4 b4 8. c4 bxc3 9. Nxc3 d5 10.
Bg5 dxe4 11. Nxe4 Nbd7 12. Bxf6 gxf6 13. Rfd1 Rg8 14. Nc5 Bxc5 15. dxc5 Qe7 16. Bxh7 Rg4 17. h3 Rf4 18. Qe3 e5 19.
Rac1 Bxf3 20. gxf3 Qe6 21. Be4 Rb8 22. Bd5 Qxh3 23. Bc6 Rd8 24. Rxd7 Rxd7 25. Rd1 Rg4+ 26. fxg4 Qxg4+ 27. Kh2 Qxd1 28.
Qh6 Ke7 29. Bxd7 Qxd7 30. Qh4 Qd4 31. Qxd4 exd4 32. Kg2 Ke6 33. b4 Kd5 34. Kf3 Kc4 35. b5 Kxc5 36. bxa6 Kb6 37. Ke4 c5 38.
a7 Kxa7 0-1

[Event "NJSK 2024 A"]
[Site "Groningen, Netherlands"]
[Date "2024.05.03"]
[Round "7.6"]
[White "Klugstedt, Vincent"]
[Black "Leorato, Imanol"]
[Result "0-1"]
[TimeControl "90min/40moves + 30min + 30sec/move"]
[WhiteElo "1913"]
[BlackElo "1837"]

1. d4 Nf6 2. c4 e6 3. Nc3 Bb4 4. Qc2 Nc6 5. Nf3 d6 6. Bd2 O-O 7. a3 Bxc3 8. Bxc3 Re8 9. e4 e5 10.
dxe5 Nxe5 11. Nxe5 dxe5 12. Rd1 Qe7 13. Be2 a5 14. O-O Bd7 15. f4 Qc5+ 16. Kh1 Bc6 17. fxe5 Nxe4 18. Bd4 Qe7 19.
Bf3 Qh4 20. Kg1 Re6 21. Rfe1 Ng5 22. Bd5 Bxd5 23. cxd5 Rh6 24. h3 Nxh3+ 25. gxh3 Rg6+ 26. Kf1 Qxh3+ 27. Ke2 Rg2+ 28. Bf2 Rxf2+ 29. Kxf2 Qh2+ 30. Ke3 Qxc2 31. Rd2 Qc5+ 32. Ke4 Re8 33. Ree2 h5 0-1

[Event "NJSK 2024 A"]
[Site "Groningen, Netherlands"]
[Date "2024.05.03"]
[Round "7.7"]
[White "Van de Poel, Jona"]
[Black "Khatniuk, Anastasiia"]
[Result "0-1"]
[TimeControl "90min/40moves + 30min + 30sec/move"]
[WhiteElo "1865"]
[BlackElo "2012"]

1. Nf3 e6 2. e3 d5 3. c4 Nf6 4. b3 Be7 5. Bb2 c5 6. Qc2 Nc6 7. cxd5 exd5 8. d4 Nb4 9. Bb5+ Bd7 10.
Qe2 O-O 11. Bxd7 Qxd7 12. a3 Nc6 13. Nbd2 Ne4 14. dxc5 Bxc5 15. O-O f5 16. Rfd1 Rae8 17. Nxe4 fxe4 18. Nd2 Qf5 19. Nf1 Qf7 20.
Rd2 Ne5 21. Bxe5 Rxe5 22. b4 Bb6 23. Rc1 Rg5 24. Rdc2 Rf5 25. Rc8 Qe6 26. Rxf8+ Rxf8 27. Qb2 h6 28. Ng3 Kh7 29. Ne2 Qf5 30.
Nd4 Bxd4 31. exd4 Rf6 32. Rc3 Rg6 33. Qd2 Rg5 34. g3 Qg4 35. Rc7 Qf3 36. Rxb7 Qxa3 37. Qf4 Qa1+ 38. Kg2 Qxd4 39.
h4 Rg6 40. Qf5 Qf6 41. Qxd5 Qf3+ 42. Kg1 Rf6 43. Qd4 e3 44. Qd3+ Rf5 45. fxe3 Qxg3+ 46. Kh1 Qxh4+ 47. Kg2 Qg5+ 0-1

[Event "NJSK 2024 A"]
[Site "Groningen, Netherlands"]
[Date "2024.05.03"]
[Round "8.1"]
[White "Bakija, Alan"]
[Black "Slagboom, Leandro"]
[Result "1-0"]
[TimeControl "90min/40moves + 30min + 30sec/move"]
[WhiteElo "2101"]
[BlackElo "2326"]

1. Nf3 d5 2. g3 Nc6 3. d4 g6 4.
b3 Bg7 5. Bb2 Nf6 6. Bg2 Bf5 7. Nh4 Be6 8.
Nd2 O-O 9. O-O a5 10. c4 dxc4 11. Nxc4 Bd5 12. Nf3 a4 13. Rc1 axb3 14. axb3 Nb4 15. Qd2 Na6 16. Rfd1 c6 17. Qe1 Re8 18. Ncd2 Nb4 19. Nc4 Na6 20.
e3 b5 21. Na5 Qb6 22. Ne5 Nb8 23. Bxd5 Nxd5 24. Naxc6 Ra2 25. Nxb8 Rxb2 26. Nbd7 Qe6 27. Nc5 Qf5 28. Ned3 Ra2 29.
e4 Qf3 30. exd5 Bxd4 31. Ne4 Rea8 32. Ng5 Qg4 33. Ne4 h5 34. Kg2 h4 35. h3 Qf5 36. g4 Qxd5 37. Nf4 Qe5 38. Nd3 Qd5 39. Nb4 Qe5 40. Nxa2 Rxa2 41. Nd2 Qf4 42. Qe2 Bb2 43. Rc8+ Kh7 44.
Qf3 Be5 45. Qxf4 Bxf4 46. Ne4 Rb2 47.
Kf3 Be5 48. Rd3 b4 49. Rc4 f5 50. gxf5 gxf5 51. Ng5+ Kg6 52. Ne6 Bd6 53. Nf8+ Kf7 54. Nd7 Rb1 55. Nb6 Rb2 56. Rc6 Bh2 57. Rd5 e6 58. Rd7+ Kf6 59. Nd5+ Ke5 60. Ne3 Bg1 61. Nc4+ 1-0